 Dungeon Crawl Stone Soup version 0.29.1-15-g9cfb28693d (webtiles) character file.

Game seed: 5952601920509834558

2125 manyhoops the Changer (level 8, -6/61 HPs)
             Began as a Demigod Transmuter on Apr 4, 2023.
             Mangled by a water moccasin (8 damage)
             ... on level 6 of the Dungeon.
             The game lasted 00:10:15 (7548 turns).

manyhoops the Changer (Demigod Transmuter)          Turns: 7548, Time: 00:10:16

Health: -6/61      AC:  6    Str: 19    XL:     8   Next: 82%
Magic:  18/18      EV: 12    Int: 15    God:
Gold:   256        SH:  0    Dex: 14    Spells: 9/16 levels left

rFire   . . .      SeeInvis .     - Unarmed
rCold   . . .      Faith    .   (no shield)
rNeg    . . .      Spirit   .   a - +0 robe
rPois   .          Reflect  .   (helmet currently unavailable)
rElec   .          Harm     .   x - +2 cloak
rCorr   +          Rampage  .   p - +0 pair of gloves
Will    .....                   (boots currently unavailable)
Stlth   +.........              D - amulet of regeneration
HPRegen 0.20/turn               j - ring of resist corrosion
MPRegen 0.16/turn               (no ring)

@: lethally poisoned (-6 -> -23), appendages (expiring)
A: horns 2, talons 2, high MP 1, forlorn, divine attributes, mutation resistance
1
a: End Transformation


You were on level 6 of the Dungeon.
You had temporarily grown beastly horns and talons.
You visited 1 branch of the dungeon, and saw 6 of its levels.

You collected 256 gold pieces.

Inventory:

Hand Weapons
 y - a +0 trident
Missiles
 q - 13 poisoned darts
Armour
 a - a +0 robe (worn)
 p - a +0 pair of gloves (worn)
 x - a +2 cloak (worn)
 z - a +0 ring mail of fire resistance
Jewellery
 j - a ring of resist corrosion (left hand)
 l - an amulet of magic regeneration
 C - a ring of flight
 D - an amulet of regeneration (around neck)
Wands
 b - a wand of flame (45)
 k - a wand of digging (6)
 r - a wand of charming (8)
Scrolls
 f - a scroll of immolation
 g - a scroll of vulnerability
 h - a scroll of enchant armour
 m - a scroll of acquirement {unknown}
 s - a scroll of identify
 u - a scroll of teleportation
 w - a scroll of poison {unknown}
 A - a scroll of summoning {unknown}
 B - a scroll of butterflies {unknown}
Potions
 c - a potion of might
 d - a potion of curing {unknown}
 e - a potion of heal wounds {unknown}
 i - a potion of berserk rage {unknown}
 n - a potion of degeneration {unknown}
 o - a potion of mutation
 t - a potion of attraction {unknown}
 v - a potion of invisibility {unknown}


   Skills:
 - Level 2.0 Fighting
 - Level 1.8 Dodging
 - Level 5.7 Unarmed Combat
 + Level 4.8 Spellcasting
 + Level 7.5 Transmutations
 - Level 3.1 Ice Magic


You had 9 spell levels left.
You knew the following spells:

 Your Spells              Type           Power      Damage    Failure   Level
a - Beastly Appendage     Tmut           52%        N/A       1%          1
b - Wereblood             Tmut           26%        N/A       1%          2
c - Ice Form              Ice/Tmut       19%        N/A       19%         4

Your spell library contained the following spells:

 Spells                   Type           Power      Damage    Failure   Level
 Spider Form              Tmut/Pois      15%        N/A       11%         3
 Sublimation of Blood     Necr           3%         N/A       26%         2
 Petrify                  Tmut/Erth      15%        N/A       34%         4
 Irradiate                Conj/Tmut      7%         3d14      67%         5


Dungeon Overview and Level Annotations

Branches:
Dungeon (6/15)             Temple (0/1) D:4


Innate Abilities, Weirdness & Mutations

You have temporarily grown beastly horns and talons.
You have an increased reservoir of magic. (+10% MP)
You shall have no god before yourself.
Your divine heritage dramatically boosts your attributes as you level up.
You are somewhat resistant to further mutation.


Message History

Your headbutt misses the water moccasin.
The water moccasin is heavily wounded.
You feel sick. The water moccasin bites you.
You miss the water moccasin.
The water moccasin is heavily wounded.
You feel sick.
The water moccasin bites you but does no damage.
You closely miss the water moccasin. Your kick misses the water moccasin.
The water moccasin is heavily wounded.
You feel sick.
The water moccasin bites you but does no damage.
The water moccasin barely misses you.
You hit the water moccasin but do no damage.
Your kick misses the water moccasin.
The water moccasin is heavily wounded.
You feel sick. The water moccasin closely misses you.
You punch the water moccasin!
The water moccasin is severely wounded.
You feel sick.
You are no longer poisoned.
The water moccasin bites you!
You are poisoned.
The water moccasin poisons you!
You hit the water moccasin. Your kick misses the water moccasin.
The water moccasin is almost dead.
You feel very sick. The water moccasin bites you.
* * * LOW HITPOINT WARNING * * *
You barely miss the water moccasin.
The water moccasin is almost dead.
You feel sick. The water moccasin bites you.
* * * LOW HITPOINT WARNING * * *
You are more poisoned.
The water moccasin poisons you! The water moccasin barely misses you.
You barely miss the water moccasin.
The water moccasin is almost dead.
* * * LOW HITPOINT WARNING * * *
You feel very sick. The water moccasin bites you!
You die...

#...#...........#
#...#...#.....#####
#...#...#...#.###
..#...#...#.#.#
#...#...#...#.#
..#...#...#.#.# #
..#...#.....#
#...#...#...#
..#...#...S@#
..#..##.###
#.......# ...#####
.##


You could see a water moccasin.

Vanquished Creatures
  Pikel (D:4)
  Prince Ribbit (D:5)
  Menkaure (D:5)
  Duvessa (D:5)
  An orc warrior (D:6)
  A black bear (D:4)
  2 ogres
  A centaur (D:3)
  A lemure (D:4)
  Blork the orc (D:4)
  2 scorpions
  Dowan (D:5)
  2 bullfrog zombies (D:5)
  A jelly (D:5)
  4 hounds
  An orc priest (D:3)
  An iguana (D:5)
  2 orc wizards
  8 gnolls
  6 adders
  2 shadow imps
  An ufetubus (D:5)
  3 dart slugs
  7 orcs
  8 ball pythons
  5 endoplasms
  5 giant cockroaches
  3 hobgoblins
  7 jackals
  5 quokkas
  4 bats
  2 frilled lizards
  11 goblins
  5 kobolds
  4 rats
111 creatures vanquished.

Notes
Turn   | Place    | Note
-------+----------+-------------------------------------------
     0 | D:1      | manyhoops the Demigod Transmuter began the quest for the
                  | Orb.
     0 | D:1      | Reached XP level 1. HP: 15/15 MP: 5/5
   380 | D:1      | Reached XP level 2. HP: 20/22 MP: 5/7
  1221 | D:1      | Reached XP level 3. HP: 20/27 MP: 6/8
  2049 | D:2      | Reached skill level 1 in Fighting
  2137 | D:2      | Reached XP level 4. HP: 31/35 MP: 9/9
  2578 | D:3      | Learned a level 2 spell: Wereblood
  2627 | D:3      | Reached skill level 5 in Unarmed Combat
  2994 | D:3      | Noticed a centaur
  3112 | D:3      | Killed a centaur
  3113 | D:3      | Reached XP level 5. HP: 19/41 MP: 10/10
  3567 | D:3      | Reached skill level 2 in Transmutations
  4003 | D:4      | Reached XP level 6. HP: 48/48 MP: 11/11
  4030 | D:4      | Reached skill level 3 in Transmutations
  4546 | D:4      | Reached skill level 4 in Transmutations
  4790 | D:4      | Noticed Blork the orc
  4804 | D:4      | Killed Blork the orc
  4805 | D:4      | Reached skill level 5 in Transmutations
  4805 | D:4      | Reached XP level 7. HP: 53/55 MP: 12/12
  4823 | D:4      | Found a staircase to the Ecumenical Temple.
  4876 | D:4      | Noticed Pikel
  4900 | D:4      | Killed Pikel
  4901 | D:4      | Reached skill level 7 in Transmutations
  5229 | D:5      | Entered Level 5 of the Dungeon
  5229 | D:5      | Noticed Duvessa
  5229 | D:5      | Noticed Dowan
  5540 | D:5      | Learned a level 4 spell: Ice Form
  5598 | D:5      | Reached XP level 8. HP: 58/61 MP: 12/14
  5620 | D:5      | Noticed Prince Ribbit
  5920 | D:5      | Noticed Menkaure
  5928 | D:5      | Killed Menkaure
  6192 | D:5      | Gained mutation: You are somewhat resistant to further
                  | mutation. [potion of mutation]
  6267 | D:5      | Killed Duvessa
  6276 | D:5      | Killed Dowan
  6617 | D:5      | Killed Prince Ribbit
  6681 | D:5      | HP: 3/61 [ufetubus (3)]
  7548 | D:6      | HP: 2/61 [poisoned by a water moccasin]
  7548 | D:6      | Mangled by a water moccasin

Illustrated notes

Levels and vault maps discovered:
D:1:      spicycebolla_arrival_transporter_tutorial, layout_basic
D:2:      layout_basic, nicolae_ecumenical_pavilion, minmay_split_cup_small
D:3:      layout_loops_ring, nicolae_figureground_pulse
D:4:      layout_basic, mainiacjoe_overflow_six_doors_small,
          nemelex_altar_shiori, minmay_temple_entry_statues_pillars,
          uniq_blork_the_orc, uniq_pikel
D:5:      layout_layer_cave, lemuel_zombie_altar_yredelemnul, minitemple,
          gammafunk_temple_overflow_elements, uniq_menkaure, uniq_duvessa,
          uniq_prince_ribbit1
D:6:      minmay_spotlight, layout_rooms, hex_large, minmay_mini_ossuary

Skill      XL: |  1  2  3  4  5  6  7  8 |
---------------+-------------------------+-----
Unarmed Combat | 3 4 5 |  5.7
Fighting       | 1 2 |  2.0
Transmutations | 2 5 7 |  7.5
Spellcasting   | 2 4 |  4.8
Ice Magic      | 3 |  3.1
Dodging        | |  1.8

Action                   |  1- 3 |  4- 6 |  7- 9 || total
-------------------------+-------+-------+-------++-------
Melee: Unarmed           |   105 |   121 |   129 ||   355
       Kick              |    25 |    24 |    44 ||    93
       Headbutt          |     7 |    21 |    17 ||    45
       Punch             |     3 |     1 |     9 ||    13
 Cast: Beastly Appendage |    26 |    29 |    19 ||    74
       Wereblood         |       |     5 |     7 ||    12
  Use: Scroll            |       |     5 |     1 ||     6
       Potion            |       |       |     3 ||     3
 Stab: Sleeping          |     1 |       |       ||     1
Armor: Robe              |    14 |    35 |    23 ||    72
       Skin              |       |       |    11 ||    11
Dodge: Dodged            |    65 |    90 |    80 ||   235
